 Dungeon Crawl Stone Soup version 0.29.1-15-g9cfb28693d (webtiles) character file.

Game seed: 9805309466630606614

77 ChiefBigBeans the Grave Robber (level 4, -3/36 HPs)
             Began as a Ghoul Necromancer on Feb 23, 2023.
             Killed by divine providence
             ... invoked by an orc priest
              (15 damage)
             ... on level 3 of the Dungeon.
             The game lasted 00:08:19 (2358 turns).

ChiefBigBeans the Grave Robber (Ghoul Necromancer)  Turns: 2358, Time: 00:08:19

Health: -3/36      AC:  5    Str: 11    XL:     4   Next: 34%
Magic:  1/2        EV: 10    Int: 12    God:
Gold:   98         SH:  0    Dex:  9    Spells: 6/7 levels left

rFire   . . .      SeeInvis .   w - +2 dagger (antimagic)
rCold   + . .      Faith    .   (no shield)
rNeg    + + +      Spirit   .   h - +0 ring mail
rPois   ∞          Reflect  .   (no helmet)
rElec   .          Harm     +   g - scarf {harm}
rCorr   .          Rampage  .   (no gloves)
Will    .....                   (no boots)
Stlth   +.........              (no amulet)
HPRegen 0.00/turn               (no ring)
MPRegen 0.08/turn               (no ring)

@: inhibited regen
A: claws 1, cold resistance 1, negative energy resistance 3, inhibited
regeneration, torment resistance 2, devour on kill
a: no special abilities


You were on level 3 of the Dungeon.
You visited 1 branch of the dungeon, and saw 3 of its levels.

You collected 98 gold pieces.

Inventory:

Hand Weapons
 c - a +0 hand axe
 e - a +0 vorpal hand axe
 q - a +3 dagger
 w - a +2 antimagic dagger (weapon)
Armour
 a - a +1 robe
 g - a scarf of harm (worn)
 h - a +0 ring mail (worn)
 t - the +0 robe of the Dice {rPois rF+}
   (You found it on level 2 of the Dungeon)

   rF:        It protects you from fire.
   rPois:     It protects you from poison.
Magical Staves
 n - a staff of fire
Wands
 o - a wand of flame (16)
Scrolls
 f - a scroll of identify
 k - a scroll of fog
Potions
 b - a potion of magic
 d - a potion of brilliance {unknown}
 j - a potion of attraction {unknown}
 p - a potion of haste {unknown}
 s - a potion of degeneration {unknown}
 u - a potion of heal wounds {unknown}


   Skills:
 + Level 1.9 Fighting
 + Level 0.6 Short Blades
 - Level 1.2 Axes
 - Level 1.7 Dodging
 - Level 2.1 Stealth
 + Level 2.4 Spellcasting
 + Level 4.4 Necromancy


You had 6 spell levels left.
You knew the following spells:

 Your Spells              Type           Power      Damage    Failure   Level
a - Necrotise             Necr           48%        1d6       11%         1

Your spell library contained the following spells:

 Spells                   Type           Power      Damage    Failure   Level
 Vampiric Draining        Necr           12%        2d6       30%         3
 Sandblast                Erth           2%         2d4       54%         1
 Slow                     Hex            4%         N/A       54%         1
 Passwall                 Tmut/Erth      0%         N/A       67%         2
 Animate Dead             Necr           12%        N/A       71%         4
 Confusing Touch          Hex            1%         N/A       88%         3
 Portal Projectile        Hex/Tloc       2%         N/A       88%         3
 Stone Arrow              Conj/Erth      2%         3d7       88%         3
 Summon Guardian Golem    Hex/Summ       1%         N/A       88%         3
 Tukima's Dance           Hex            1%         N/A       88%         3
 Agony                    Necr           12%        N/A       96%         5
 Orb of Destruction       Conj           0%         9d5       100%        7
 Spellforged Servitor     Conj/Summ      0%         N/A       100%        7
 Blade Hands              Tmut           Unusable   N/A       N/A         5

Dungeon Overview and Level Annotations

Branches:
Dungeon (2/15)

Altars:


Innate Abilities, Weirdness & Mutations

You are immune to poison.
You have sharp fingernails.
Your flesh is cold resistant. (rC+)
You are immune to negative energy. (rN+++)
You do not regenerate when monsters are visible.
You are immune to unholy pain and torment.
You thrive by killing the living.


Message History

You closely miss the orc.
The orc is severely wounded.
The orc shouts!
You hear a shout! x2
A bat comes into view.
The orc hits you with a +0 short sword.
An orc comes into view. It is wielding a +0 war axe.
You hear a shout!
You closely miss the orc.
The orc is severely wounded.
The orc barely misses you.
You hit the orc.
You kill the orc!
You feel better.
An orc priest comes into view. It is wielding a +0 mace of holy wrath.
An orc comes into view. It is wielding a +0 flail.
The bat hits you. The orc hits you with a +0 falchion.
The orc priest looks encouraged for a moment.
You see here a +0 short sword.
You hit the orc but do no damage. The orc closely misses you.
The orc completely misses you. The bat barely misses you.
You hit the orc but do no damage. The bat closely misses you. The bat hits you.
The orc hits you but does no damage. The bat hits you but does no damage.
The bat attacks as you move away! The bat hits you. The bat barely misses you.
The orc closely misses you.
You closely miss the bat. The bat barely misses you.
The bat closely misses you. The orc hits you with a +0 flail.
You miss the bat. The bat barely misses you.
The bat hits you but does no damage. The orc barely misses you.
The orc hits you with a +0 flail.
You barely miss the bat. The bat hits you but does no damage.
The orc barely misses you.
The orc priest begins to cast a cantrip, but forgets the words!
The orc hits you with a +0 flail! The bat closely misses you.
The orc barely misses you. The orc attacks as you move away!
The orc barely misses you. The bat hits you but does no damage.
The orc hits you with a +0 war axe.
The orc priest invokes the aid of Beogh against you.
Beogh smites you!
You die...

#.###.# # #(##.. .
#.##.# #. #.##.#
#.##....# #....####
.###....####
.......)..o#####..#
.(......ooo@.....#
#.##.....##b##...#
. ##.#.##.#.# .#
..###... ..$ .##
##. .### . ## ##


You could see an orc priest, 3 orcs and a bat.

Vanquished Creatures
  4 adders (D:2)
  An orc (D:3)
  2 bats
  2 endoplasms (D:1)
  3 giant cockroaches
  3 goblins
  4 hobgoblins
  4 kobolds
  2 quokkas (D:2)
  9 frilled lizards
  2 rats (D:2)
36 creatures vanquished.

Vanquished Creatures (collateral kills)
  A dart slug (D:2)
1 creature vanquished.

Grand Total: 37 creatures vanquished

Notes
Turn   | Place    | Note
-------+----------+-------------------------------------------
     0 | D:1      | ChiefBigBeans the Ghoul Necromancer began the quest for the
                  | Orb.
     0 | D:1      | Reached XP level 1. HP: 14/14 MP: 2/2
   290 | D:1      | Reached XP level 2. HP: 12/22 MP: 3/3
   740 | D:1      | You fall into a shaft and drop 1 floor!
   829 | D:1      | Reached skill level 1 in Fighting
   894 | D:1      | Found a faded altar of an unknown god.
  1227 | D:2      | Reached skill level 1 in Axes
  1227 | D:2      | Reached XP level 3. HP: 28/28 MP: 0/5
  1742 | D:2      | Reached XP level 4. HP: 36/36 MP: 3/6
  1859 | D:2      | Identified the +0 robe of the Dice {rPois rF+}
  2309 | D:2      | Learned a level 1 spell: Necrotise
  2332 | D:2      | You fall into a shaft and drop 1 floor!
  2358 | D:3      | Killed from afar by an orc priest

Illustrated notes

Levels and vault maps discovered:
D:1:      minmay_arrival_shoal_huts, layout_basic,
          chequers_ecumenical_altar_lobes, corexii_corridor_pit,
          minmay_lizard_pond
D:2:      layout_basic
D:3:      layout_rooms, lemuel_round_altar, minmay_ruptured, uniq_terence,
          uniq_robin

Skill      XL: |  1  2 |
---------------+-------+-----
Spellcasting   | 2 |  2.4
Fighting       | 1 |  1.9
Axes           | 1 |  1.2
Short Blades   | |  0.6
Dodging        | |  1.7
Stealth        | |  2.1
Necromancy     | |  4.4

Action                   |  1- 3 |  4- 6 || total
-------------------------+-------+-------++-------
Melee: Hand axe          |    61 |       ||    61
       Punch             |     1 |       ||     1
       Dagger            |       |    22 ||    22
 Cast: Necrotise         |    33 |    16 ||    49
  Use: Scroll            |     1 |     6 ||     7
Armor: Robe              |    12 |       ||    12
       Ring mail         |     5 |    20 ||    25
Dodge: Dodged            |    52 |    22 ||    74
